Blues vs Devils

Created - Tuesday, November 04, 2014 at 22:51

Goals
1 2 3 T
Blues 1 0 0 1
Devils 0 2 1 3
Shots
1 2 3 T
Blues 9 9 5 23
Devils 9 7 18 34

1st period

1. Blues , Josh Gorges 2 (Tomas Tatar, Sean Couturier) at 14:47 (PP)

Penalties :
Andrew Desjardins (StL) for Holding (Minor) at 7:21, Adam Burish (NJD) for Hooking (Minor) at 13:41, Niklas Kronwall (NJD) for High sticking (Minor) at 17:04, Jay Beagle (NJD) for Hooking (Minor) at 19:48

2nd period

2. Devils , Kris Versteeg 2 (Brent Seabrook) at 5:47
3. Devils , Mark Stuart 3 (Kris Versteeg, Jay Beagle) at 16:39

Penalties :
Mark Stuart (NJD) for Tripping (Minor) at 6:14, Jimmy Howard (NJD) for Slashing (Minor) at 13:23 - Brent Seabrook served the penalty, Bryan Allen (StL) for Holding (Minor) at 16:55

3rd period

4. Devils , Patrik Berglund 4 (Nick Spaling) at 15:50

Penalties :
Artem Anisimov (StL) for Roughing (Minor) at 2:30, Niklas Kronwall (NJD) for Tripping (Minor) at 6:52, Niklas Kronwall (NJD) for Roughing (Minor) at 9:22, Bryan Allen (StL) for Hooking (Minor) at 19:19

Goalie Stats

Henrik Lundqvist (StL), 16 saves from 17 shots - (0.941), 19:48 minutes
Cam Talbot (StL), 15 saves from 17 shots - (0.882), L, 1-1-0, 40:12 minutes
Jimmy Howard (NJD), 22 saves from 23 shots - (0.957), W, 4-8-0, 60:00 minutes

Players Stats for Blues

Player Name              G  A  P  +/- PIM S  H  SB GA TA FO     MP     PP MP  PK MP  
------------------------------------------------------------------------------------
Anders Lee               0  0  0  -1  0   0  0  1  3  0  1/7    15:31   0:00   3:05 
Andrew Desjardins        0  0  0  -1  2   0  1  0  1  0  2/4    12:14   0:00   0:00 
Artem Anisimov           0  0  0  -1  2   4  3  0  1  0  0/0    16:05   6:25   0:00 
Blair Jones              0  0  0   0  0   0  0  0  0  0  0/0     0:00   0:00   0:00 
Brandon Saad             0  0  0  -1  0   6  0  0  2  1  0/1    22:04   6:25   3:32 
Bryan Allen              0  0  0  -1  4   0  0  2  2  1  0/0    17:29   0:00   1:50 
Cam Atkinson             0  0  0  -1  0   1  0  0  1  0  0/0    11:00   0:37   0:00 
Hampus Lindholm          0  0  0  -1  0   0  0  0  1  1  0/0    11:07   6:22   0:00 
Johan Franzen            0  0  0   0  0   0  2  1  0  0  8/15   23:43   6:00   3:05 
Josh Gorges              1  0  1   0  0   6  0  4  0  2  0/0    24:14   6:38   4:47 
Kevan Miller             0  0  0   0  0   2  0  0  0  1  0/0    14:07   0:00   2:48 
Mark Fayne               0  0  0  -2  0   0  1  1  0  0  0/0    11:59   0:00   0:00 
Matt Donovan             0  0  0  -2  0   0  3  2  0  0  0/0    18:42   6:22   0:00 
Rick Nash                0  0  0  -1  0   1  1  0  1  0  0/1    21:47   5:33   0:00 
Sean Couturier           0  1  1   0  0   1  0  1  2  0  9/16   16:55   6:35   3:32 
Steve Ott                0  0  0  -1  0   0  3  0  2  0  2/3    19:00   5:58   0:00 
Tomas Tatar              0  1  1  -2  0   1  1  0  1  0  0/2    14:31   1:27   0:00 
Zdeno Chara              0  0  0   0  0   1  0  1  1  0  0/0    22:46   6:38   3:49 

Players Stats for Devils

Player Name              G  A  P  +/- PIM S  H  SB GA TA FO     MP     PP MP  PK MP  
------------------------------------------------------------------------------------
Adam Burish              0  0  0   0  2   1  3  0  0  0  2/7    12:48   0:21   1:54 
Brent Seabrook           0  1  1   1  0   1  1  1  0  2  0/0    23:53   4:02   5:09 
Chris Phillips           0  0  0   2  0   1  3  2  1  2  0/0    24:21   4:02   5:10 
Drew Stafford            0  0  0   0  0   0  1  0  1  0  6/12   21:50   3:12   9:38 
Jay Beagle               0  1  1   2  2   1  1  1  1  0  4/4    14:05   0:00   2:31 
John Carlson             0  0  0   1  0   4  1  2  0  0  0/0    23:04   2:35   7:50 
Kris Versteeg            1  1  2   2  0   3  1  1  1  0  0/1    11:21   0:00   0:14 
Mark Stuart              1  0  1   2  2   3  7  0  0  1  0/0    25:06   0:00   2:14 
Martin Erat              0  0  0   1  0   0  1  0  0  0  0/0    10:05   0:00   0:00 
Matt Carkner             0  0  0   0  0   0  0  0  0  0  0/0     0:00   0:00   0:00 
Matt Cooke               0  0  0   2  0   2  3  1  0  0  1/1    18:50   3:25   3:08 
Nick Spaling             0  1  1   1  0   4  0  0  2  0  5/5    22:14   3:25   8:35 
Niklas Kronwall          0  0  0   0  6   5  1  1  0  3  0/0    23:42   2:35   5:07 
Patrik Berglund          1  0  1   1  0   3  0  0  0  0  4/7    10:05   0:00   0:00 
Shane Doan               0  0  0   0  0   3  0  0  0  0  1/1    19:53   2:51   0:00 
Tim Gleason              0  0  0   0  0   0  0  0  0  0  0/0     0:54   0:00   0:30 
Tyler Johnson            0  0  0   0  0   0  1  1  2  1  4/10   11:55   3:12   0:00 
Ville Leino              0  0  0   0  0   3  0  0  1  0  0/1    12:43   3:25   0:00 

3 Stars

1 - Kris Versteeg (NJD)
2 - Mark Stuart (NJD)
3 - Jimmy Howard (NJD)

Power Play

Blues - 1 on 7 Attempt(s) - 14.29%
Devils - 0 on 4 Attempt(s) - 0.00%

Penalty Kill

Blues - 4 on 4 Attempt(s) - 100.00% - Score 0 goal in Penalty Kill
Devils - 6 on 7 Attempt(s) - 85.71% - Score 0 goal in Penalty Kill

Official

Referees : Unknown
Linesman : Unknown

Game Notes

Cam Talbot is injured at 0:12 of 3rd period (Sore Left Knee)
Henrik Lundqvist enters game at 0:12 of 3rd period

Finance

Level 1 -- Attendance: 5446 (90.77%) -- Ticket Income $408,450
Level 2 -- Attendance: 3487 (69.74%) -- Ticket Income $209,220
Level 3 -- Attendance: 1532 (76.60%) -- Ticket Income $53,620
Level 4 -- Attendance: 2462 (61.55%) -- Ticket Income $61,550
Luxury Box -- Attendance: 1000 (100.00%) -- Ticket Income $160,000
Game was played at the Continental Airlines Arena
Total Attendance: 13927 (77.37%)
Total Ticket Income: $892,840
Other Income: $437,492
Total Income: $1,330,332

Blues

5 vs 5 Forward 
   Center                   Left Wing                Right Wing               Time % Phy DF OF 
 1 Sean Couturier           Johan Franzen            Rick Nash                35     0   1  4  
 2 Steve Ott                Brandon Saad             Tomas Tatar              32     0   1  4  
 3 Johan Franzen            Artem Anisimov           Cam Atkinson             21     0   1  4  
 4 Andrew Desjardins        Anders Lee               Rick Nash                12     0   1  4  

5 vs 5 Defense 
   Defense                  Defense                                           Time % Phy DF OF 
 1 Zdeno Chara              Bryan Allen                                       35     1   3  1  
 2 Kevan Miller             Josh Gorges                                       32     1   3  1  
 3 Mark Fayne               Matt Donovan                                      21     1   3  1  
 4 Bryan Allen              Hampus Lindholm                                   12     1   3  1  

PowerPlay Forward 
   Center                   Left Wing                Right Wing               Time % Phy DF OF 
 1 Sean Couturier           Steve Ott                Rick Nash                50     1   1  3  
 2 Johan Franzen            Artem Anisimov           Brandon Saad             50     1   1  3  

PowerPlay Defense
   Defense                  Defense                                           Time % Phy DF OF 
 1 Zdeno Chara              Josh Gorges                                       50     1   1  3  
 2 Hampus Lindholm          Matt Donovan                                      50     1   1  3  

Penalty Kill 4 Players Forward 
   Center                   Wing                     Time % Phy DF OF 
 1 Sean Couturier           Brandon Saad             50     1   3  1  
 2 Anders Lee               Johan Franzen            50     1   3  1  

Penalty Kill 4 Players Defense
   Defense                  Defense                  Time % Phy DF OF 
 1 Zdeno Chara              Bryan Allen              50     1   3  1  
 2 Josh Gorges              Kevan Miller             50     1   3  1  

Penalty Kill - 3 Players Forward 
   Forward                                           Time % Phy DF OF 
 1 Sean Couturier                                    50     1   3  1  
 2 Artem Anisimov                                    50     1   3  1  

Penalty Kill - 3 Players Defense
   Defense                  Defense                  Time % Phy DF OF 
 1 Zdeno Chara              Bryan Allen              50     1   3  1  
 2 Josh Gorges              Kevan Miller             50     1   3  1  

4 vs 4 Forward 
   Center                   Wing                     Time % Phy DF OF 
 1 Sean Couturier           Rick Nash                50     1   2  2  
 2 Artem Anisimov           Johan Franzen            50     1   2  2  

4 vs 4 Defense
   Defense                  Defense                  Time % Phy DF OF 
 1 Zdeno Chara              Josh Gorges              50     1   2  2  
 2 Matt Donovan             Bryan Allen              50     1   2  2  

Last Minutes Offensive
   Center                   Left Wing                Right Wing               Defense                  Defense                  
   Sean Couturier           Brandon Saad             Rick Nash                Zdeno Chara              Josh Gorges              

Last Minutes Defensive
   Center                   Left Wing                Right Wing               Defense                  Defense                  
   Sean Couturier           Steve Ott                Rick Nash                Zdeno Chara              Josh Gorges              

Goaltenders
Starting : Cam Talbot               
Backup : Henrik Lundqvist         

Extra Forwards
Normal : Tomas Tatar, Cam Atkinson, Andrew Desjardins - PP : Tomas Tatar, Cam Atkinson - PK : Andrew Desjardins
Extra Defensemen
Normal : Kevan Miller, Bryan Allen, Josh Gorges - PP : Kevan Miller - PK : Zdeno Chara, Josh Gorges
Penalty Shots
Sean Couturier, Steve Ott, Rick Nash, Johan Franzen, Artem Anisimov

Devils

5 vs 5 Forward 
   Center                   Left Wing                Right Wing               Time % Phy DF OF 
 1 Tyler Johnson            Shane Doan               Drew Stafford            31     0   2  3  
 2 Patrik Berglund          Nick Spaling             Martin Erat              28     0   2  3  
 3 Adam Burish              Ville Leino              Shane Doan               25     2   2  1  
 4 Jay Beagle               Matt Cooke               Kris Versteeg            16     2   2  1  

5 vs 5 Defense 
   Defense                  Defense                                           Time % Phy DF OF 
 1 John Carlson             Mark Stuart                                       33     1   3  1  
 2 Niklas Kronwall          Brent Seabrook                                    33     0   2  3  
 3 Chris Phillips           Mark Stuart                                       33     2   2  1  
 4 Niklas Kronwall          Chris Phillips                                    1      1   2  2  

PowerPlay Forward 
   Center                   Left Wing                Right Wing               Time % Phy DF OF 
 1 Tyler Johnson            Shane Doan               Drew Stafford            60     0   0  5  
 2 Nick Spaling             Ville Leino              Matt Cooke               40     0   0  5  

PowerPlay Defense
   Defense                  Defense                                           Time % Phy DF OF 
 1 John Carlson             Niklas Kronwall                                   60     0   2  3  
 2 Brent Seabrook           Chris Phillips                                    40     0   2  3  

Penalty Kill 4 Players Forward 
   Center                   Wing                     Time % Phy DF OF 
 1 Drew Stafford            Nick Spaling             60     0   4  1  
 2 Jay Beagle               Matt Cooke               40     0   4  1  

Penalty Kill 4 Players Defense
   Defense                  Defense                  Time % Phy DF OF 
 1 Niklas Kronwall          John Carlson             60     1   4  0  
 2 Brent Seabrook           Chris Phillips           40     1   4  0  

Penalty Kill - 3 Players Forward 
   Forward                                           Time % Phy DF OF 
 1 Jay Beagle                                        60     0   5  0  
 2 Drew Stafford                                     40     0   5  0  

Penalty Kill - 3 Players Defense
   Defense                  Defense                  Time % Phy DF OF 
 1 Niklas Kronwall          John Carlson             60     0   5  0  
 2 Brent Seabrook           Chris Phillips           40     0   5  0  

4 vs 4 Forward 
   Center                   Wing                     Time % Phy DF OF 
 1 Jay Beagle               Matt Cooke               60     1   2  2  
 2 Patrik Berglund          Drew Stafford            40     1   2  2  

4 vs 4 Defense
   Defense                  Defense                  Time % Phy DF OF 
 1 Brent Seabrook           Tim Gleason              60     1   2  2  
 2 Mark Stuart              Chris Phillips           40     1   2  2  

Last Minutes Offensive
   Center                   Left Wing                Right Wing               Defense                  Defense                  
   Tyler Johnson            Shane Doan               Drew Stafford            John Carlson             Niklas Kronwall          

Last Minutes Defensive
   Center                   Left Wing                Right Wing               Defense                  Defense                  
   Tyler Johnson            Nick Spaling             Matt Cooke               Niklas Kronwall          John Carlson             

Goaltenders
Starting : Jimmy Howard             
Backup : Thomas Greiss            

Extra Forwards
Normal : Shane Doan, Drew Stafford, Matt Cooke - PP : Drew Stafford, Ville Leino - PK : Drew Stafford
Extra Defensemen
Normal : Brent Seabrook, John Carlson, Niklas Kronwall - PP : Mark Stuart - PK : Mark Stuart, Tim Gleason
Penalty Shots
Drew Stafford, Ville Leino, Shane Doan, Matt Cooke, Tyler Johnson

% Time on Ice - Blues

Lines # - Real PCT - Wanted PCT - Time Play
Normal Forward
1 - 17% - 35% - 6:49
2 - 31% - 32% - 12:27
3 - 23% - 21% - 9:17
4 - 29% - 12% - 11:50
Normal Defense
1 - 31% - 35% - 12:20
2 - 29% - 32% - 11:40
3 - 30% - 21% - 11:59
4 - 11% - 12% - 4:24
PP Forward
1 - 51% - 50% - 6:35
2 - 49% - 50% - 6:25
PP Defense
1 - 51% - 50% - 6:38
2 - 49% - 50% - 6:22
PK Forward
1 - 53% - 50% - 3:32
2 - 47% - 50% - 3:05
PK Defense
1 - 58% - 50% - 3:49
2 - 42% - 50% - 2:48
PK3 Forward
1 - 0% - 50%
2 - 0% - 50%
PK3 Defense
1 - 0% - 50%
2 - 0% - 50%
44 Forward
1 - 0% - 50%
2 - 0% - 50%
44 Defense
1 - 0% - 50%
2 - 0% - 50%
Last Minute Offensive  - 0:00
Last Minute Defensive  - 0:00
Total
Forward - 60:00
Defense - 60:00

% Time on Ice - Devils

Lines # - Real PCT - Wanted PCT - Time Play
Normal Forward
1 - 23% - 31% - 9:25
2 - 29% - 28% - 11:39
3 - 21% - 25% - 8:36
4 - 27% - 16% - 10:43
Normal Defense
1 - 31% - 33% - 12:39
2 - 36% - 33% - 14:44
3 - 26% - 33% - 10:29
4 - 6% - 1% - 2:31
PP Forward
1 - 48% - 60% - 3:12
2 - 52% - 40% - 3:25
PP Defense
1 - 39% - 60% - 2:35
2 - 61% - 40% - 4:02
PK Forward
1 - 76% - 60% - 9:52
2 - 24% - 40% - 3:08
PK Defense
1 - 60% - 60% - 7:50
2 - 40% - 40% - 5:10
PK3 Forward
1 - 0% - 60%
2 - 0% - 40%
PK3 Defense
1 - 0% - 60%
2 - 0% - 40%
44 Forward
1 - 0% - 60%
2 - 0% - 40%
44 Defense
1 - 0% - 60%
2 - 0% - 40%
Last Minute Offensive  - 0:00
Last Minute Defensive  - 0:00
Total
Forward - 60:00
Defense - 60:00

Play by Play

1st period


0:01 of 1st period - Shane Doan wins face-off versus Sean Couturier in neutral zone.
1:02 of 1st period - Off-side.
1:03 of 1st period - Patrik Berglund wins face-off versus Johan Franzen in neutral zone.
1:16 of 1st period - Snap shot by Nick Spaling.
1:16 of 1st period - Shot Misses the Net.
1:18 of 1st period - Slapshot by Niklas Kronwall.
1:18 of 1st period - Stopped by Cam Talbot without a rebound.
1:19 of 1st period - Jay Beagle wins face-off versus Johan Franzen in Blues zone.
1:24 of 1st period - Snap shot by Jay Beagle.
1:24 of 1st period - Stopped by Cam Talbot with a rebound.
1:26 of 1st period - Slapshot by Mark Stuart.
1:26 of 1st period - Stopped by Cam Talbot without a rebound.
1:27 of 1st period - Jay Beagle wins face-off versus Andrew Desjardins in Blues zone.
1:58 of 1st period - Icing by Mark Fayne.
1:59 of 1st period - Andrew Desjardins wins face-off versus Adam Burish in Blues zone.
2:24 of 1st period - Wrist shot by Shane Doan.
2:24 of 1st period - Shot Misses the Net.
2:26 of 1st period - Wrist shot by Shane Doan.
2:26 of 1st period - Shot Blocked by Mark Fayne.
2:56 of 1st period - Martin Erat is hit by Steve Ott and loses puck.
3:59 of 1st period - Bryan Allen is hit by Matt Cooke and loses puck.
4:32 of 1st period - Andrew Desjardins is hit by Mark Stuart and loses puck.
5:14 of 1st period - Josh Gorges is hit by Mark Stuart and loses puck.
5:29 of 1st period - Tomas Tatar is hit by Mark Stuart and loses puck.
6:40 of 1st period - Snap shot by Brandon Saad.
6:40 of 1st period - Stopped by Jimmy Howard with a rebound.
6:42 of 1st period - Snap shot by Josh Gorges.
6:42 of 1st period - Stopped by Jimmy Howard with a rebound.
6:44 of 1st period - Slapshot by Josh Gorges.
6:44 of 1st period - Shot Misses the Net.
7:21 of 1st period - Minor Penalty to Andrew Desjardins for Holding.
7:22 of 1st period - Nick Spaling wins face-off versus Sean Couturier in Blues zone.
8:04 of 1st period - Snap shot by Tyler Johnson.
8:04 of 1st period - Deflect By Drew Stafford.
8:04 of 1st period - Shot Misses the Net.
8:04 of 1st period - Puck is out of play.
8:05 of 1st period - Nick Spaling wins face-off versus Anders Lee in Blues zone.
8:10 of 1st period - Slapshot by Nick Spaling.
8:10 of 1st period - Shot Misses the Net.
8:12 of 1st period - Snap shot by John Carlson.
8:12 of 1st period - Deflect By Ville Leino.
8:12 of 1st period - Shot Misses the Net.
8:12 of 1st period - Puck is out of play.
8:13 of 1st period - Matt Cooke wins face-off versus Anders Lee in Blues zone.
8:16 of 1st period - Snap shot by Nick Spaling.
8:16 of 1st period - Stopped by Cam Talbot without a rebound.
8:17 of 1st period - Nick Spaling wins face-off versus Anders Lee in Blues zone.
8:20 of 1st period - Slapshot by Ville Leino.
8:20 of 1st period - Stopped by Cam Talbot with a rebound.
8:22 of 1st period - Snap shot by Niklas Kronwall.
8:22 of 1st period - Shot Misses the Net.
8:24 of 1st period - Wrist shot by Matt Cooke.
8:24 of 1st period - Shot Misses the Net.
8:32 of 1st period - Johan Franzen is hit by John Carlson.
8:58 of 1st period - Wrist shot by Brandon Saad.
8:58 of 1st period - Stopped by Jimmy Howard without a rebound.
8:59 of 1st period - Tyler Johnson wins face-off versus Sean Couturier in Devils zone.
9:01 of 1st period - Icing by Shane Doan.
9:02 of 1st period - Sean Couturier wins face-off versus Tyler Johnson in Devils zone.
9:21 of 1st period - Penalty to Andrew Desjardins is over, Andrew Desjardins is back on ice.
10:19 of 1st period - Patrik Berglund is hit by Rick Nash.
10:28 of 1st period - Snap shot by Nick Spaling.
10:28 of 1st period - Stopped by Cam Talbot without a rebound.
10:29 of 1st period - Jay Beagle wins face-off versus Johan Franzen in Blues zone.
10:36 of 1st period - Wrist shot by Kris Versteeg.
10:36 of 1st period - Shot Misses the Net.
12:14 of 1st period - John Carlson is hit by Mark Fayne and loses puck.
13:01 of 1st period - Niklas Kronwall is hit by Andrew Desjardins and loses puck.
13:06 of 1st period - Slapshot by Anders Lee.
13:06 of 1st period - Shot Blocked by Niklas Kronwall.
13:08 of 1st period - Slapshot by Kevan Miller.
13:08 of 1st period - Shot Blocked by Kris Versteeg.
13:36 of 1st period - Wrist shot by Tyler Johnson.
13:36 of 1st period - Shot Misses the Net.
13:41 of 1st period - Minor Penalty to Adam Burish for Hooking.
13:42 of 1st period - Sean Couturier wins face-off versus Drew Stafford in Devils zone.
14:43 of 1st period - Snap shot by Tomas Tatar.
14:43 of 1st period - Stopped by Jimmy Howard with a rebound.
14:45 of 1st period - Snap shot by Josh Gorges.
14:45 of 1st period - Shot Misses the Net.
14:47 of 1st period - Slapshot by Josh Gorges.
14:47 of 1st period - Goal by Josh Gorges - Blues : 1 - Devils : 0.
14:48 of 1st period - Jay Beagle wins face-off versus Tomas Tatar in neutral zone.
15:48 of 1st period - Josh Gorges is hit by Chris Phillips and loses puck.
15:55 of 1st period - Slapshot by Shane Doan.
15:55 of 1st period - Shot Blocked by Matt Donovan.
15:57 of 1st period - Slapshot by Niklas Kronwall.
15:57 of 1st period - Shot Blocked by Matt Donovan.
16:01 of 1st period - Snap shot by Adam Burish.
16:01 of 1st period - Stopped by Cam Talbot without a rebound.
16:02 of 1st period - Steve Ott wins face-off versus Patrik Berglund in Blues zone.
16:29 of 1st period - Backhand shot by Patrik Berglund.
16:29 of 1st period - Stopped by Cam Talbot with a rebound.
17:04 of 1st period - Minor Penalty to Niklas Kronwall for High sticking.
17:05 of 1st period - Johan Franzen wins face-off versus Drew Stafford in Devils zone.
17:11 of 1st period - Snap shot by Artem Anisimov.
17:11 of 1st period - Shot Misses the Net.
17:13 of 1st period - Slapshot by Josh Gorges.
17:13 of 1st period - Deflect By Artem Anisimov.
17:13 of 1st period - Stopped by Jimmy Howard with a rebound.
17:15 of 1st period - Slapshot by Artem Anisimov.
17:15 of 1st period - Shot Misses the Net.
17:17 of 1st period - Slapshot by Josh Gorges.
17:17 of 1st period - Stopped by Jimmy Howard with a rebound.
17:19 of 1st period - Slapshot by Zdeno Chara.
17:19 of 1st period - Stopped by Jimmy Howard with a rebound.
17:21 of 1st period - Wrist shot by Brandon Saad.
17:21 of 1st period - Stopped by Jimmy Howard with a rebound.
17:23 of 1st period - Slapshot by Zdeno Chara.
17:23 of 1st period - Shot Blocked by Brent Seabrook.
18:48 of 1st period - Chris Phillips is hit by Johan Franzen and loses puck.
19:04 of 1st period - Penalty to Niklas Kronwall is over, Niklas Kronwall is back on ice.
19:19 of 1st period - Mark Stuart is hit by Tomas Tatar and loses puck.
19:48 of 1st period - Minor Penalty to Jay Beagle for Hooking.
19:49 of 1st period - Sean Couturier wins face-off versus Drew Stafford in Devils zone.
19:58 of 1st period - Wrist shot by Nick Spaling.
19:58 of 1st period - Stopped by Cam Talbot with a rebound.
Goals for this period are 1 for Blues vs 0 for Devils.
Shots for this period are 9 for Blues vs 9 for Devils.

2nd period


0:01 of 2nd period - Johan Franzen wins face-off versus Drew Stafford in neutral zone.
1:48 of 2nd period - Penalty to Jay Beagle is over, Jay Beagle is back on ice.
1:50 of 2nd period - Chris Phillips is hit by Artem Anisimov and loses puck.
2:05 of 2nd period - Josh Gorges is hit by Chris Phillips and loses puck.
2:21 of 2nd period - Off-side.
2:22 of 2nd period - Tyler Johnson wins face-off versus Tomas Tatar in neutral zone.
4:22 of 2nd period - Slapshot by Ville Leino.
4:22 of 2nd period - Stopped by Cam Talbot with a rebound.
4:24 of 2nd period - Slapshot by Mark Stuart.
4:24 of 2nd period - Shot Misses the Net.
4:26 of 2nd period - Slapshot by John Carlson.
4:26 of 2nd period - Deflect By Ville Leino.
4:26 of 2nd period - Stopped by Cam Talbot without a rebound.
4:27 of 2nd period - Johan Franzen wins face-off versus Ville Leino in Blues zone.
4:43 of 2nd period - Icing by Ville Leino.
4:44 of 2nd period - Johan Franzen wins face-off versus Adam Burish in Devils zone.
4:45 of 2nd period - Wrist shot by Cam Atkinson.
4:45 of 2nd period - Shot Misses the Net.
4:59 of 2nd period - Hampus Lindholm is hit by Adam Burish and loses puck.
5:16 of 2nd period - Hampus Lindholm is hit by Martin Erat and loses puck.
5:47 of 2nd period - Slapshot by Kris Versteeg.
5:47 of 2nd period - Goal by Kris Versteeg - Blues : 1 - Devils : 1.
5:48 of 2nd period - Johan Franzen wins face-off versus Tyler Johnson in neutral zone.
5:53 of 2nd period - Wrist shot by Cam Atkinson.
5:53 of 2nd period - Shot Misses the Net.
5:55 of 2nd period - Slapshot by Josh Gorges.
5:55 of 2nd period - Deflect By Cam Atkinson.
5:55 of 2nd period - Stopped by Jimmy Howard without a rebound.
5:56 of 2nd period - Johan Franzen wins face-off versus Tyler Johnson in Devils zone.
6:03 of 2nd period - Wrist shot by Artem Anisimov.
6:03 of 2nd period - Stopped by Jimmy Howard with a rebound.
6:05 of 2nd period - Slapshot by Josh Gorges.
6:05 of 2nd period - Stopped by Jimmy Howard with a rebound.
6:07 of 2nd period - Snap shot by Josh Gorges.
6:07 of 2nd period - Shot Blocked by Chris Phillips.
6:14 of 2nd period - Minor Penalty to Mark Stuart for Tripping.
6:15 of 2nd period - Drew Stafford wins face-off versus Sean Couturier in Devils zone.
6:48 of 2nd period - Snap shot by Rick Nash.
6:48 of 2nd period - Deflect By Sean Couturier.
6:48 of 2nd period - Shot Misses the Net.
6:48 of 2nd period - Puck is out of play.
6:49 of 2nd period - Drew Stafford wins face-off versus Johan Franzen in Devils zone.
6:49 of 2nd period - Drew Stafford is hit by Matt Donovan.
7:12 of 2nd period - Snap shot by Artem Anisimov.
7:12 of 2nd period - Stopped by Jimmy Howard with a rebound.
7:14 of 2nd period - Slapshot by Matt Donovan.
7:14 of 2nd period - Shot Blocked by Chris Phillips.
7:37 of 2nd period - Slapshot by Matt Donovan.
7:37 of 2nd period - Shot Blocked by Jay Beagle.
7:39 of 2nd period - Slapshot by Sean Couturier.
7:39 of 2nd period - Shot Misses the Net.
7:51 of 2nd period - Snap shot by Brandon Saad.
7:51 of 2nd period - Deflect By Artem Anisimov.
7:51 of 2nd period - Shot Misses the Net.
7:51 of 2nd period - Puck is out of play.
7:52 of 2nd period - Johan Franzen wins face-off versus Drew Stafford in Devils zone.
8:14 of 2nd period - Penalty to Mark Stuart is over, Mark Stuart is back on ice.
8:20 of 2nd period - Slapshot by John Carlson.
8:20 of 2nd period - Shot Misses the Net.
8:22 of 2nd period - Snap shot by Mark Stuart.
8:22 of 2nd period - Deflect By Matt Cooke.
8:22 of 2nd period - Stopped by Cam Talbot without a rebound.
8:23 of 2nd period - Sean Couturier wins face-off versus Adam Burish in Blues zone.
8:23 of 2nd period - Sean Couturier is hit by Mark Stuart.
8:35 of 2nd period - Zdeno Chara is hit by Adam Burish and loses puck.
11:08 of 2nd period - Bryan Allen is hit by Mark Stuart and loses puck.
11:34 of 2nd period - Slapshot by Hampus Lindholm.
11:34 of 2nd period - Shot Misses the Net.
11:36 of 2nd period - Slapshot by Josh Gorges.
11:36 of 2nd period - Shot Misses the Net.
11:38 of 2nd period - Slapshot by Josh Gorges.
11:38 of 2nd period - Stopped by Jimmy Howard without a rebound.
11:39 of 2nd period - Anders Lee wins face-off versus Patrik Berglund in Devils zone.
11:58 of 2nd period - Slapshot by Brandon Saad.
11:58 of 2nd period - Shot Misses the Net.
12:00 of 2nd period - Snap shot by Kevan Miller.
12:00 of 2nd period - Stopped by Jimmy Howard with a rebound.
12:02 of 2nd period - Snap shot by Brandon Saad.
12:02 of 2nd period - Stopped by Jimmy Howard with a rebound.
13:23 of 2nd period - Wrist shot by Brandon Saad.
13:23 of 2nd period - Stopped by Jimmy Howard without a rebound.
13:23 of 2nd period - Minor Penalty to Jimmy Howard for Slashing.
13:24 of 2nd period - Drew Stafford wins face-off versus Brandon Saad in Devils zone.
13:43 of 2nd period - Snap shot by Brandon Saad.
13:43 of 2nd period - Stopped by Jimmy Howard with a rebound.
14:15 of 2nd period - Niklas Kronwall is hit by Johan Franzen and loses puck.
14:50 of 2nd period - Josh Gorges is hit by Drew Stafford and loses puck.
15:23 of 2nd period - Penalty to Brent Seabrook is over, Brent Seabrook is back on ice.
15:41 of 2nd period - Snap shot by Shane Doan.
15:41 of 2nd period - Stopped by Cam Talbot with a rebound.
15:43 of 2nd period - Snap shot by Shane Doan.
15:43 of 2nd period - Deflect By Ville Leino.
15:43 of 2nd period - Shot Misses the Net.
15:43 of 2nd period - Puck is out of play.
15:44 of 2nd period - Adam Burish wins face-off versus Rick Nash in Blues zone.
16:05 of 2nd period - Snap shot by Shane Doan.
16:05 of 2nd period - Shot Hit the Post.
16:37 of 2nd period - Slapshot by Kris Versteeg.
16:37 of 2nd period - Stopped by Cam Talbot with a rebound.
16:39 of 2nd period - Slapshot by Mark Stuart.
16:39 of 2nd period - Deflect By Matt Donovan.
16:39 of 2nd period - Goal by Mark Stuart - Blues : 1 - Devils : 2.
16:40 of 2nd period - Steve Ott wins face-off versus Kris Versteeg in neutral zone.
16:55 of 2nd period - Minor Penalty to Bryan Allen for Holding.
16:56 of 2nd period - Drew Stafford wins face-off versus Anders Lee in Blues zone.
18:55 of 2nd period - Penalty to Bryan Allen is over, Bryan Allen is back on ice.
18:57 of 2nd period - Josh Gorges is hit by Tyler Johnson.
19:31 of 2nd period - Matt Cooke is hit by Artem Anisimov and loses puck.
19:36 of 2nd period - Snap shot by Cam Atkinson.
19:36 of 2nd period - Shot Misses the Net.
19:38 of 2nd period - Slapshot by Mark Fayne.
19:38 of 2nd period - Shot Blocked by John Carlson.
19:40 of 2nd period - Slapshot by Matt Donovan.
19:40 of 2nd period - Shot Blocked by John Carlson.
19:42 of 2nd period - Slapshot by Mark Fayne.
19:42 of 2nd period - Shot Blocked by Matt Cooke.
Goals for this period are 0 for Blues vs 2 for Devils.
Shots for this period are 9 for Blues vs 7 for Devils.

3rd period


0:01 of 3rd period - Sean Couturier wins face-off versus Tyler Johnson in neutral zone.
0:10 of 3rd period - Wrist shot by Shane Doan.
0:10 of 3rd period - Shot Misses the Net.
0:12 of 3rd period - Backhand shot by Chris Phillips.
0:12 of 3rd period - Stopped by Cam Talbot with a rebound.
0:12 of 3rd period - Cam Talbot from Blues is injured at 0:12 of 3rd period (Sore Left Knee).
0:12 of 3rd period - Henrik Lundqvist enters game.
0:13 of 3rd period - Tyler Johnson wins face-off versus Sean Couturier in Blues zone.
0:24 of 3rd period - Snap shot by Drew Stafford.
0:24 of 3rd period - Shot Misses the Net.
0:26 of 3rd period - Slapshot by Mark Stuart.
0:26 of 3rd period - Deflect By Sean Couturier.
0:26 of 3rd period - Stopped by Henrik Lundqvist with a rebound.
0:28 of 3rd period - Slapshot by Mark Stuart.
0:28 of 3rd period - Shot Blocked by Sean Couturier.
0:30 of 3rd period - Snap shot by Shane Doan.
0:30 of 3rd period - Shot Blocked by Zdeno Chara.
0:32 of 3rd period - Slapshot by Mark Stuart.
0:32 of 3rd period - Shot Misses the Net.
0:42 of 3rd period - Wrist shot by Shane Doan.
0:42 of 3rd period - Stopped by Henrik Lundqvist without a rebound.
0:43 of 3rd period - Patrik Berglund wins face-off versus Steve Ott in Blues zone.
0:52 of 3rd period - Snap shot by Patrik Berglund.
0:52 of 3rd period - Shot Blocked by Josh Gorges.
0:54 of 3rd period - Slapshot by Brent Seabrook.
0:54 of 3rd period - Stopped by Henrik Lundqvist with a rebound.
1:10 of 3rd period - Snap shot by Nick Spaling.
1:10 of 3rd period - Shot Blocked by Josh Gorges.
1:34 of 3rd period - Wrist shot by Shane Doan.
1:34 of 3rd period - Deflect By Ville Leino.
1:34 of 3rd period - Shot Misses the Net.
1:34 of 3rd period - Puck is out of play.
1:35 of 3rd period - Sean Couturier wins face-off versus Adam Burish in Blues zone.
1:35 of 3rd period - Sean Couturier is hit by Mark Stuart.
1:51 of 3rd period - Slapshot by Sean Couturier.
1:51 of 3rd period - Stopped by Jimmy Howard without a rebound.
1:52 of 3rd period - Sean Couturier wins face-off versus Tyler Johnson in Devils zone.
2:01 of 3rd period - Slapshot by Rick Nash.
2:01 of 3rd period - Stopped by Jimmy Howard without a rebound.
2:02 of 3rd period - Johan Franzen wins face-off versus Tyler Johnson in Devils zone.
2:30 of 3rd period - Minor Penalty to Artem Anisimov for Roughing.
2:31 of 3rd period - Nick Spaling wins face-off versus Anders Lee in Blues zone.
2:44 of 3rd period - Snap shot by Nick Spaling.
2:44 of 3rd period - Shot Misses the Net.
2:46 of 3rd period - Wrist shot by Matt Cooke.
2:46 of 3rd period - Stopped by Henrik Lundqvist without a rebound.
2:47 of 3rd period - Nick Spaling wins face-off versus Anders Lee in Blues zone.
2:54 of 3rd period - Wrist shot by Ville Leino.
2:54 of 3rd period - Shot Misses the Net.
2:56 of 3rd period - Slapshot by John Carlson.
2:56 of 3rd period - Deflect By Nick Spaling.
2:56 of 3rd period - Stopped by Henrik Lundqvist with a rebound.
2:58 of 3rd period - Slapshot by Niklas Kronwall.
2:58 of 3rd period - Shot Misses the Net.
3:00 of 3rd period - Slapshot by John Carlson.
3:00 of 3rd period - Deflect By Kevan Miller.
3:00 of 3rd period - Stopped by Henrik Lundqvist with a rebound.
3:02 of 3rd period - Slapshot by John Carlson.
3:02 of 3rd period - Shot Blocked by Anders Lee.
3:04 of 3rd period - Snap shot by Niklas Kronwall.
3:04 of 3rd period - Stopped by Henrik Lundqvist with a rebound.
3:06 of 3rd period - Slapshot by John Carlson.
3:06 of 3rd period - Stopped by Henrik Lundqvist with a rebound.
3:14 of 3rd period - Slapshot by John Carlson.
3:14 of 3rd period - Stopped by Henrik Lundqvist with a rebound.
3:16 of 3rd period - Wrist shot by Niklas Kronwall.
3:16 of 3rd period - Stopped by Henrik Lundqvist with a rebound.
3:18 of 3rd period - Slapshot by Niklas Kronwall.
3:18 of 3rd period - Stopped by Henrik Lundqvist without a rebound.
3:19 of 3rd period - Sean Couturier wins face-off versus Drew Stafford in Blues zone.
3:19 of 3rd period - Sean Couturier is hit by Chris Phillips.
3:51 of 3rd period - Slapshot by Shane Doan.
3:51 of 3rd period - Shot Blocked by Bryan Allen.
4:13 of 3rd period - Zdeno Chara is hit by Matt Cooke and loses puck.
4:30 of 3rd period - Penalty to Artem Anisimov is over, Artem Anisimov is back on ice.
5:22 of 3rd period - Wrist shot by Tyler Johnson.
5:22 of 3rd period - Shot Misses the Net.
5:24 of 3rd period - Slapshot by Mark Stuart.
5:24 of 3rd period - Shot Misses the Net.
6:31 of 3rd period - Bryan Allen is hit by Kris Versteeg and loses puck.
6:52 of 3rd period - Minor Penalty to Niklas Kronwall for Tripping.
6:53 of 3rd period - Drew Stafford wins face-off versus Sean Couturier in Devils zone.
7:28 of 3rd period - Wrist shot by Sean Couturier.
7:28 of 3rd period - Shot Misses the Net.
7:42 of 3rd period - Snap shot by Artem Anisimov.
7:42 of 3rd period - Stopped by Jimmy Howard with a rebound.
8:30 of 3rd period - Matt Cooke is hit by Artem Anisimov.
8:52 of 3rd period - Penalty to Niklas Kronwall is over, Niklas Kronwall is back on ice.
9:15 of 3rd period - Slapshot by Kevan Miller.
9:15 of 3rd period - Stopped by Jimmy Howard without a rebound.
9:16 of 3rd period - Andrew Desjardins wins face-off versus Adam Burish in Devils zone.
9:22 of 3rd period - Minor Penalty to Niklas Kronwall for Roughing.
9:23 of 3rd period - Drew Stafford wins face-off versus Johan Franzen in Devils zone.
9:49 of 3rd period - Chris Phillips is hit by Steve Ott and loses puck.
10:00 of 3rd period - Brent Seabrook is hit by Matt Donovan and loses puck.
10:11 of 3rd period - Matt Cooke is hit by Matt Donovan and loses puck.
11:11 of 3rd period - Artem Anisimov is hit by Mark Stuart and loses puck.
11:22 of 3rd period - Penalty to Niklas Kronwall is over, Niklas Kronwall is back on ice.
12:15 of 3rd period - Zdeno Chara is hit by Adam Burish and loses puck.
12:30 of 3rd period - Josh Gorges is hit by Brent Seabrook and loses puck.
12:51 of 3rd period - Wrist shot by Patrik Berglund.
12:51 of 3rd period - Stopped by Henrik Lundqvist without a rebound.
12:52 of 3rd period - Patrik Berglund wins face-off versus Andrew Desjardins in Blues zone.
12:57 of 3rd period - Wrist shot by Patrik Berglund.
12:57 of 3rd period - Shot Blocked by Bryan Allen.
13:36 of 3rd period - Slapshot by Niklas Kronwall.
13:36 of 3rd period - Shot Misses the Net.
13:38 of 3rd period - Slapshot by Niklas Kronwall.
13:38 of 3rd period - Stopped by Henrik Lundqvist with a rebound.
13:42 of 3rd period - Wrist shot by Kris Versteeg.
13:42 of 3rd period - Stopped by Henrik Lundqvist with a rebound.
13:57 of 3rd period - Icing by John Carlson.
13:58 of 3rd period - Patrik Berglund wins face-off versus Johan Franzen in Devils zone.
14:31 of 3rd period - Bryan Allen is hit by Niklas Kronwall and loses puck.
14:45 of 3rd period - Josh Gorges is hit by Jay Beagle and loses puck.
15:12 of 3rd period - Slapshot by Rick Nash.
15:12 of 3rd period - Shot Blocked by Tyler Johnson.
15:14 of 3rd period - Slapshot by Josh Gorges.
15:14 of 3rd period - Stopped by Jimmy Howard with a rebound.
15:50 of 3rd period - Wrist shot by Patrik Berglund.
15:50 of 3rd period - Goal by Patrik Berglund - Blues : 1 - Devils : 3.
15:51 of 3rd period - Sean Couturier wins face-off versus Patrik Berglund in neutral zone.
16:45 of 3rd period - Slapshot by John Carlson.
16:45 of 3rd period - Stopped by Henrik Lundqvist without a rebound.
16:46 of 3rd period - Adam Burish wins face-off versus Johan Franzen in Blues zone.
16:47 of 3rd period - Snap shot by Shane Doan.
16:47 of 3rd period - Shot Misses the Net.
16:49 of 3rd period - Slapshot by Mark Stuart.
16:49 of 3rd period - Shot Blocked by Josh Gorges.
16:51 of 3rd period - Slapshot by Adam Burish.
16:51 of 3rd period - Shot Blocked by Johan Franzen.
16:53 of 3rd period - Slapshot by John Carlson.
16:53 of 3rd period - Shot Blocked by Josh Gorges.
16:55 of 3rd period - Slapshot by Mark Stuart.
16:55 of 3rd period - Shot Misses the Net.
17:45 of 3rd period - Matt Donovan is hit by Matt Cooke and loses puck.
19:12 of 3rd period - John Carlson is hit by Steve Ott.
19:19 of 3rd period - Minor Penalty to Bryan Allen for Hooking.
19:20 of 3rd period - Tyler Johnson wins face-off versus Sean Couturier in Blues zone.
19:38 of 3rd period - Snap shot by Shane Doan.
19:38 of 3rd period - Stopped by Henrik Lundqvist with a rebound.
Goals for this period are 0 for Blues vs 1 for Devils.
Shots for this period are 5 for Blues vs 18 for Devils.


Output by the SimonT Hockey Simulator (STHS) for Eric Dolegowski -- Original Page W3C XHTML 1.0 Valid
Hockey Simulator - Hockey Simulation - Hockey Manager